 Dungeon Crawl Stone Soup version 0.28-a0-1199-gef9e1dbd39 (webtiles) character file.

Game seed: 824845370171893403

165 timneilson the Skirmisher (level 5, 0/41 HPs)
             Began as a Demonspawn Abyssal Knight on Dec 19, 2021.
             Was a Follower of Lugonu.
             Slain by Ijyb (3 damage)
             ... on level 3 of the Dungeon.
             The game lasted 00:04:55 (3020 turns).

timneilson the Skirmisher (DsAK)                    Turns: 3020, Time: 00:04:56

Health: 0/41       AC:  9    Str: 15    XL:     5   Next: 21%
Magic:  7/7        EV: 11    Int: 11    God:    Lugonu [*.....]
Gold:   122        SH:  0    Dex: 14    Spells: 4/4 levels left

rFire   . . .      SeeInvis .   a - +2 falchion
rCold   . . .      Faith    .   (no shield)
rNeg    . . .      Spirit   .   c - +0 ring mail
rPois   .          Reflect  .   f - +1 helmet
rElec   .          Harm     .   (no cloak)
rCorr   .          Rampage  .   (no gloves)
Will    .....                   (no boots)
Stlth   ..........              (no amulet)
HPRegen 0.13/turn               (no ring)
MPRegen 0.10/turn               (no ring)

@: confused, flying
A: icy blue scales 1, ignite blood 1
a: Renounce Religion, Depart the Abyss


You were on level 3 of the Dungeon.
You worshipped Lugonu.
Lugonu was aware of your devotion.
You visited 1 branch of the dungeon, and saw 3 of its levels.
You visited the Abyss 1 time.

You collected 122 gold pieces.

Inventory:

Hand Weapons
 a - a +2 falchion (weapon)
Armour
 c - a +0 ring mail (worn)
 f - a +1 helmet (worn)
Potions
 d - 4 potions of magic
 h - 2 potions of might {unknown}


   Skills:
 + Level 3.5 Fighting
 * Level 3.1 Long Blades
 * Level 3.0 Armour
 + Level 1.8 Dodging
 + Level 3.3 Invocations


You had 4 spell levels left.
You didn't know any spells.
Your spell library contained the following spells:

 Spells                   Type           Power      Damage    Failure   Level
 Sting                    Tmut/Pois      0%         1d3       56%         1
 Poisonous Vapours        Pois/Air       0%         N/A       71%         2
 Olgreb's Toxic Radiance  Pois           0%         N/A       100%        4


Dungeon Overview and Level Annotations

Branches:
Dungeon (3/15)

Altars:

Annotations:
D:3 Ijyb


Innate Abilities, Weirdness & Mutations

You are partially covered in icy blue scales. (AC +2)
Your demonic aura sometimes causes spilled blood to erupt in flames.


Message History

You hit Ijyb.
Ijyb is severely wounded.
Ijyb barely misses you.
You hit Ijyb but do no damage.
Ijyb is severely wounded.
Ijyb zaps a wand.
Your will is overpowered!
You are confused.
Ijyb screams, "No!
No, no, no, no!"
Ijyb zaps a wand.
Your will is overpowered!
You are more confused.
You bump into the rock wall.
Ijyb hits you with a +0 club.
You closely miss Ijyb.
Ijyb is severely wounded.
Ijyb barely misses you.
You bump into the rock wall.
Ijyb zaps a wand.
Your will is overpowered!
You are more confused.
You bump into the rock wall.
Ijyb hits you but does no damage.
You miss Ijyb.
Ijyb is severely wounded.
Ijyb zaps a wand.
You resist with some effort.
The now-empty wand crumbles to dust.
You bump into the rock wall.
Ijyb hits you but does no damage.
You bump into the rock wall.
Ijyb hits you with a +0 club.
* * * LOW HITPOINT WARNING * * *
Ijyb hits you but does no damage.
Unknown command.
You bump into the rock wall.
Ijyb barely misses you.
You closely miss Ijyb.
Ijyb is heavily wounded.
Ijyb hits you but does no damage. Ijyb hits you with a +0 club.
* * * LOW HITPOINT WARNING * * *
Ijyb hits you with a +0 club.
* * * LOW HITPOINT WARNING * * *
You bump into the rock wall.
Ijyb hits you with a +0 club.
* * * LOW HITPOINT WARNING * * *
Unknown command.
It was a potion of flight.
You feel very buoyant.
You fly up into the air.
Ijyb hits you with a +0 club.
You die...

#...... #[ #.....o #.#
##.....o .. # ...... .. .#
....## #. ######.#.. ....#
#. #......#.# #.#.#
######.###.###..#.#####.#.#
........)g@.......^.......)
######.###.#.#<..####....#)
... #.#.#...........#.
..o.. #†#.#..#.###....##
#..o... #.#....#.#.#....##
#.g...g #.####.....#....##
#...... #.##.....#.#......
......# #.##.#####.#.##...
#.##.### #.# #....


You could see Ijyb.

Vanquished Creatures
  2 orc priests (D:3)
  2 gnolls
  2 adders (D:2)
  A white imp (D:3)
  2 worms
  8 orcs
  3 bats
  4 endoplasms
  A giant cockroach (D:2)
  2 goblins (D:1)
  6 hobgoblins
  5 quokkas
  2 ball pythons
  3 frilled lizards
  4 kobolds
  3 rats (D:1)
50 creatures vanquished.

Notes
Turn   | Place    | Note
-------+----------+-------------------------------------------
     0 | Abyss:1  | timneilson the Demonspawn Abyssal Knight began the quest
                  | for the Orb.
     0 | Abyss:1  | Reached XP level 1. HP: 18/18 MP: 2/2
    93 | Abyss:2  | Noticed an ancient zyme
    95 | D:1      | Escaped the Abyss
   533 | D:1      | Reached skill level 1 in Dodging
   578 | D:1      | Gained mutation: Your demonic aura sometimes causes spilled
                  | blood to erupt in flames. [demonic ancestry]
   578 | D:1      | Reached XP level 2. HP: 17/24 MP: 4/4
   858 | D:1      | Reached * piety under Lugonu
   862 | D:1      | Found a faded altar of an unknown god.
  1150 | D:1      | Reached XP level 3. HP: 29/29 MP: 5/5
  2167 | D:2      | Reached XP level 4. HP: 17/35 MP: 6/6
  2610 | D:3      | Gained mutation: You are partially covered in icy blue
                  | scales. (AC +2) [demonic ancestry]
  2610 | D:3      | Reached XP level 5. HP: 6/41 MP: 7/7
  2970 | D:3      | Noticed Ijyb
  3020 | D:3      | Slain by Ijyb

Illustrated notes

Levels and vault maps discovered:
D:1:      ncdulo_wetmaze, layout_basic, shapermc_ecumenical_altar_pompeii,
          minmay_tree_intersection
D:2:      layout_basic, minmay_misc_feat_x, chequers_mini_garden
D:3:      layout_basic, uniq_ijyb

Skill      XL: |  1  2  3  4 |
---------------+-------------+-----
Long Blades    | 2 3 |  3.1
Dodging        | 1 |  1.8
Armour         | 2 3 |  3.0
Invocations    | 3 |  3.3
Fighting       | |  3.5

Action                   |  1- 3 |  4- 6 || total
-------------------------+-------+-------++-------
Melee: Falchion          |   127 |    66 ||   193
Invok: Depart the Abyss  |     1 |       ||     1
  Use: Scroll            |     6 |       ||     6
       Potion            |       |     1 ||     1
Armor: Ring mail         |    52 |    24 ||    76
Dodge: Dodged            |    81 |    36 ||   117

Table legend: (Time is in decaauts)
 A = Elapsed time spent in this place.
 B = Non-inter-level travel time spent in this place.
 C = Inter-level travel time spent in this place.
 D = Time resting spent in this place.
 E = Time spent auto-exploring this place.
 F = Levels seen in this place.
 G = Mean time per level.
                   A        B        C        D        E       F      G
               +--------+--------+--------+--------+--------+-----+--------+
         Total |   3061 |   2992 |     69 |    692 |   1632 |   5 |  612.2 |
       Dungeon |   2967 |   2898 |     69 |    692 |   1632 |   3 |  989.0 |
         Abyss |     94 |     94 |      0 |      0 |      0 |   2 |   47.0 |
               +--------+--------+--------+--------+--------+-----+--------+

Top non-repeatable levels by time:
     D:1: 1412 daAuts
     D:2: 869 daAuts
     D:3: 684 daAuts
 Abyss:1: 62 daAuts
 Abyss:2: 32 daAuts
